 Dungeon Crawl Stone Soup version 0.18-a0-1225-g5d63bca (webtiles) character file.

530 ipx the Sneak (level 7, -1/55 HPs)
             Began as a Human Assassin on Feb 3, 2016.
             Slain by Blork the orc
             ... wielding a +0 war axe
              (9 damage)
             ... on level 4 of the Dungeon.
             The game lasted 00:22:52 (1724 turns).

ipx the Sneak (Human Assassin)                      Turns: 1724, Time: 00:22:53

Health: -1/55      AC:  4    Str: 11    XL:     7   Next: 48%
Magic:  7/7        EV: 14    Int: 12    God:
Gold:   66         SH:  0    Dex: 16    Spells: 0 memorised, 6 levels left

rFire  . . .     SeeInvis .     a - +3 spear
rCold  . . .     Gourm    .     c - +0 robe
rNeg   . . .     Faith    .     (no shield)
rPois  .         Spirit   .     (no helmet)
rElec  .         Dismiss  .     d - +0 cloak
rCorr  .         Reflect  .     i - +0 pair of gloves
SustAt .         Harm     .     (no boots)
MR     .....                    (no amulet)
Stlth  +++.......               (no ring)
                                (no ring)

@: not resistant to hostile enchantments, fairly stealthy
A: no striking features
a: no special abilities


You were on level 4 of the Dungeon.
You were not hungry.

You visited 1 branch of the dungeon, and saw 6 of its levels.

You collected 66 gold pieces.

Inventory:

Hand Weapons
 a - a +3 spear (weapon)
 b - a +0 blowgun
 l - a +2 dagger
Missiles
 e - 29 poisoned needles
 h - 27 sling bullets
Armour
 c - a +0 robe (worn)
 d - a +0 cloak (worn)
 i - a +0 pair of gloves (worn)
Jewellery
 A - an uncursed amulet of rage
Scrolls
 g - a scroll of identify
 m - a scroll of remove curse
Potions
 k - a potion of mutation {unknown}
Comestibles
 j - a slice of pizza
 w - 4 bread rations


   Skills:
 + Level 4.3 Fighting
 - Level 2.0 Short Blades
 - Level 2.0 Throwing
 - Level 4.0 Dodging
 + Level 6.6 Stealth


You had 6 spell levels left.
You didn't know any spells.

Dungeon Overview and Level Annotations

Branches:
Dungeon (6/15)
 Temple: D:4-7

Altars:
Makhleb
Qazlal
Yredelemnul

Annotations:
D:4 Blork the orc


Message History

Blork the orc hits you but does no damage.
Blork the orc hits you with a war axe!
* * * LOW HITPOINT WARNING * * *
You hit Blork the orc.
Blork the orc is heavily wounded.
Blork the orc closely misses you.
You hit Blork the orc.
Blork the orc is severely wounded.
Blork the orc looks braver for a moment.
Blork the orc gestures at you while chanting.
The magic dart hits you!
* * * LOW HITPOINT WARNING * * *
You closely miss Blork the orc.
Blork the orc is severely wounded.
Blork the orc hits you with a war axe.
* * * LOW HITPOINT WARNING * * *
You hit Blork the orc.
Blork the orc is almost dead.
Blork the orc hits you with a war axe!
You die...

#.............#
#.............#
#.............#
#<............#
#.............#
#######......##
#...###.(....##
#.......†.....#
#...........o@#
#.............# ####
###+###'##...## #...
#....##.###### #######...
#........'...# ..........
#........#...#................
#........#...#................
#........#...#.....# ....##...
#.....####..###....# ... #...


You could see Blork the orc.

Vanquished Creatures
  A sky beast (D:5)
  An elf zombie (D:5)
  4 orc wizards
  An orc priest (D:5)
  3 hounds
  A worker ant (D:4)
  A human skeleton (D:5)
  3 adders
  An ooze (D:4)
  An adder skeleton (D:4)
  4 worms
  13 orcs
  2 ball pythons (D:4)
  3 giant cockroaches
  A hobgoblin (D:3)
  5 jackals
  A quokka (D:5)
  A bat (D:2)
  3 giant newts
  A goblin (D:1)
  A kobold (D:1)
  2 rats
54 creatures vanquished.

Notes
Turn   | Place    | Note
--------------------------------------------------------------
     0 | D:1      | ipx the Human Assassin began the quest for the Orb.
     0 | D:1      | Reached XP level 1. HP: 16/16 MP: 1/1
   125 | D:2      | Reached XP level 2. HP: 23/23 MP: 2/2
   328 | D:3      | Found a basalt altar of Yredelemnul.
   345 | D:3      | Reached XP level 3. HP: 27/29 MP: 3/3
   710 | D:4      | Reached XP level 4. HP: 20/37 MP: 4/4
   772 | D:5      | Entered Level 5 of the Dungeon
   825 | D:4      | Reached XP level 5. HP: 16/43 MP: 5/5
  1012 | D:4      | Reached skill level 5 in Stealth
  1134 | D:4      | Reached XP level 6. HP: 33/49 MP: 6/6
  1289 | D:5      | Noticed a sky beast
  1356 | D:5      | Killed a sky beast
  1356 | D:5      | Reached skill level 6 in Stealth
  1356 | D:5      | Reached XP level 7. HP: 16/55 MP: 7/7
  1573 | D:5      | Noticed a water elemental
  1575 | D:5      | Found a stormy altar of Qazlal.
  1576 | D:5      | Noticed a fire elemental
  1576 | D:5      | Noticed an air elemental
  1606 | D:5      | Found a burning altar of Makhleb.
  1697 | D:4      | Noticed Blork the orc
  1724 | D:4      | Slain by Blork the orc

Vault maps used:
D:1:      dpeg_arrival_court, hangedman_glass_teeth,
          nemelex_diamond_rough_becter
D:3:      lemuel_coloured_pillars_altar, yredelemnul_altar_generic, first_bread
D:4:      uniq_blork_the_orc
D:5:      makhleb_heckhound_becter, nicolae_qazlal_style_of_elements,
          minmay_temple_entry_trees, nicolae_ossuary_entry_catacombs,
          uniq_crazy_yiuf_cottage
D:6:      nicolae_overflow_crystal_walls, gammafunk_pakellas_cloud_experiment,
          lemuel_doored_altar, elyvilon_altar_5, old_standard_altar,
          minmay_joined_circles

Action                   |  1- 3 |  4- 6 |  7- 9 || total
-------------------------+-------+-------+-------++-------
Melee: Dagger            |    49 |       |       ||    49
       Spear             |    11 |    90 |    16 ||   117
 Fire: Blowgun           |    16 |    30 |    22 ||    68
  Use: Scroll            |     3 |     1 |       ||     4
       Potion            |       |     3 |     1 ||     4
 Stab: Sleeping          |     4 |     5 |     3 ||    12
  Eat: Chunk             |       |     1 |     3 ||     4
